HSSL
GRAND RAPIDS HS SUMMIT @ BROOKLINE HS WARRIORS
04/08/2028
 
TOP OF THE 1ST
Grand Rapids HS Summit batting - Pitching for Brookline HS Warriors : LHP Robert Smith
Pitching: LHP Robert Smith
Batting: RHB Shawn Hanner 0-0: Ball
1-0: Called Strike
1-1: Foul Ball, location: 2F
1-2: Foul Ball, location: 2F
1-2: Ball
2-2: Ball
3-2: Base on Balls
Batting: LHB Carlos Gutiérrez 0-0: Called Strike
0-1: Swinging Strike
0-2: Strikes out swinging
Batting: RHB Julián Maez 0-0: Ball
1-0: Ball
2-0: Ball
3-0: Called Strike
3-1: Called Strike
3-2: Base on Balls
Shawn Hanner to second
Batting: LHB Jeffery Casey 0-0: Ball
1-0: Swinging Strike
1-1: Swinging Strike
1-2: Fly out, F6 (Popup, 6D)
Batting: LHB Daniel Orozco 0-0: Ball
1-0: Foul Ball, location: 2F
1-1: Swinging Strike
1-2: Strikes out swinging
Top of the 1st over - 0 run(s), 0 hit(s), 0 error(s), 2 left on base; Grand Rapids HS 0 - Brookline HS 0
BOTTOM OF THE 1ST
Brookline HS Warriors batting - Pitching for Grand Rapids HS Summit : RHP Ron Franklin
Pitching: RHP Ron Franklin
Batting: RHB Gilbert Bentley 0-0: Foul Ball, location: 2F
0-1: DOUBLE (Groundball, 5L)
Batting: RHB Travis Kramer 0-0: SINGLE (Flyball, 9LS)
Gilbert Bentley to third
Runner from 3rd tries for Home, SAFE, no throw
Batting: RHB Raúl Rivera 0-0: Ball
1-0: Swinging Strike
1-1: Called Strike
Travis Kramer steals 2nd base
1-2: Ball
2-2: Ball
3-2: Fly out, F9 (Flyball, 9LMF)
Throwing error, E9
Travis Kramer scores
Batting: RHB John Warren 0-0: Called Strike
0-1: Ball
1-1: Ball
2-1: Ball
3-1: Fly out, F8 (Flyball, 8LM)
Batting: RHB León Colón 0-0: Swinging Strike
0-1: Ball
1-1: Ball
2-1: Called Strike
2-2: Foul Ball, location: 2F
2-2: Strikes out swinging
Bottom of the 1st over - 2 run(s), 2 hit(s), 1 error(s), 0 left on base; Grand Rapids HS 0 - Brookline HS 2
TOP OF THE 2ND
Grand Rapids HS Summit batting - Pitching for Brookline HS Warriors : LHP Robert Smith
Batting: RHB Bob Barnes 0-0: Called Strike
0-1: Ball
1-1: Swinging Strike
1-2: Strikes out looking
Batting: RHB Jonathan Holden 0-0: Ball
1-0: Ball
2-0: Called Strike
2-1: Ball
3-1: Foul Ball, location: 2F
3-2: Base on Balls
Batting: RHB Leroy Bates 0-0: Ball
1-0: Called Strike
1-1: Swinging Strike
1-2: Ball
2-2: Foul Ball, location: 2F
2-2: Strikes out looking
Batting: RHB Ted Morgan 0-0: Ball
1-0: Swinging Strike
1-1: Foul Ball, location: 2F
1-2: Strikes out swinging
Top of the 2nd over - 0 run(s), 0 hit(s), 0 error(s), 1 left on base; Grand Rapids HS 0 - Brookline HS 2
BOTTOM OF THE 2ND
Brookline HS Warriors batting - Pitching for Grand Rapids HS Summit : RHP Ron Franklin
Batting: RHB Ed Vega 0-0: Ball
1-0: Ball
2-0: Ball
3-0: Base on Balls
Batting: LHB Lou Robinson 0-0: Ball
1-0: Called Strike
1-1: Swinging Strike
1-2: Foul Ball, location: 2F
1-2: Foul Ball, location: 2F
1-2: Foul Ball, location: 2F
1-2: Ball
2-2: Foul Ball, location: 2F
2-2: Strikes out swinging
Batting: RHB Cole Gray 0-0: SINGLE (Groundball, 6D)
Ed Vega to second
Batting: LHB Bailey Mrazek 0-0: Ball
1-0: Ball
2-0: Ball
3-0: Base on Balls
Ed Vega to third
Cole Gray to second
Batting: RHB Gilbert Bentley 0-0: Ball
1-0: Swinging Strike
1-1: Called Strike
1-2: Ball
2-2: Foul Ball, location: 2F
2-2: Foul Ball, location: 2F
2-2: Ball
3-2: Base on Balls
Ed Vega scores
Cole Gray to third
Bailey Mrazek to second
Batting: RHB Travis Kramer 0-0: Fly out, F3 (Popup, 3S)
Batting: RHB Raúl Rivera 0-0: Ball
1-0: Swinging Strike
1-1: Called Strike
1-2: Reached on error, E5 (Groundball, 56)
Cole Gray scores
Bailey Mrazek to third
Gilbert Bentley to second
Batting: RHB John Warren 0-0: Hit by Pitch
Bailey Mrazek scores
Gilbert Bentley to third
Raúl Rivera to second
Batting: RHB León Colón 0-0: Called Strike
0-1: Foul Ball, location: 2F
0-2: Strikes out swinging
Bottom of the 2nd over - 3 run(s), 1 hit(s), 1 error(s), 3 left on base; Grand Rapids HS 0 - Brookline HS 5
TOP OF THE 3RD
Grand Rapids HS Summit batting - Pitching for Brookline HS Warriors : LHP Robert Smith
Batting: RHB Shawn Hanner 0-0: Ball
1-0: Called Strike
1-1: Swinging Strike
1-2: Ground out U3 (Groundball, 34)
Batting: LHB Carlos Gutiérrez 0-0: Ball
1-0: SINGLE (Groundball, 3D)
Batting: RHB Julián Maez 0-0: Ball
1-0: Called Strike
1-1: Ball
2-1: Grounds into double play, 6-4-3 (Groundball, 6)
Top of the 3rd over - 0 run(s), 1 hit(s), 0 error(s), 0 left on base; Grand Rapids HS 0 - Brookline HS 5
BOTTOM OF THE 3RD
Brookline HS Warriors batting - Pitching for Grand Rapids HS Summit : RHP Ron Franklin
Batting: RHB Ed Vega 0-0: Swinging Strike
0-1: Ball
1-1: Foul Ball, location: 2F
1-2: Ball
2-2: Foul Ball, location: 2F
2-2: Foul Ball, location: 2F
2-2: Ball
3-2: Strikes out swinging
Batting: LHB Lou Robinson 0-0: Swinging Strike
0-1: Ball
1-1: Foul Ball, location: 2F
1-2: Ball
2-2: Ball
3-2: Base on Balls
Batting: RHB Cole Gray 0-0: SINGLE (Flyball, 9S)
Lou Robinson to second
Runner from 2nd tries for 3rd, SAFE, throw made to third
Batting: LHB Bailey Mrazek 0-0: Fielders Choice at 2nd, 4-6 (Groundball, 4)
Lou Robinson scores
Batting: RHB Gilbert Bentley 0-0: Called Strike
0-1: Ball
1-1: Ball
2-1: Ball
3-1: Called Strike
3-2: Foul Ball, location: 2F
3-2: Foul Ball, location: 2F
3-2: Base on Balls
Bailey Mrazek to second
Batting: RHB Travis Kramer 0-0: Ball
1-0: Called Strike
1-1: Ball
2-1: Swinging Strike
2-2: SINGLE (Groundball, 56D)
Bailey Mrazek to third
Gilbert Bentley to second
Runner from 3rd tries for Home, SAFE, no throw
Pitching: RHP Bob Barry
Batting: RHB Raúl Rivera 0-0: Ball
1-0: Ball
2-0: Foul Ball, location: 2F
2-1: Foul Ball, location: 2F
2-2: Foul Ball, location: 2F
2-2: Foul Ball, location: 2F
2-2: Ball
3-2: Base on Balls
Gilbert Bentley to third
Travis Kramer to second
Batting: RHB John Warren 0-0: Foul Ball, location: 2F
0-1: Foul Ball, location: 2F
0-2: Strikes out swinging
Bottom of the 3rd over - 2 run(s), 2 hit(s), 0 error(s), 3 left on base; Grand Rapids HS 0 - Brookline HS 7
TOP OF THE 4TH
Grand Rapids HS Summit batting - Pitching for Brookline HS Warriors : LHP Robert Smith
Batting: LHB Jeffery Casey 0-0: Called Strike
0-1: Foul Ball, location: 2F
0-2: Ball
1-2: Ball
2-2: Strikes out swinging
Batting: LHB Daniel Orozco 0-0: Called Strike
0-1: Swinging Strike
0-2: Strikes out swinging
Batting: RHB Bob Barnes 0-0: Called Strike
0-1: Fly out, F7 (Line Drive, 7)
Top of the 4th over - 0 run(s), 0 hit(s), 0 error(s), 0 left on base; Grand Rapids HS 0 - Brookline HS 7
BOTTOM OF THE 4TH
Brookline HS Warriors batting - Pitching for Grand Rapids HS Summit : RHP Bob Barry
Batting: RHB León Colón 0-0: Ball
1-0: Fly out, F8 (Flyball, 8RM)
Batting: RHB Ed Vega 0-0: Ball
1-0: Ball
2-0: Swinging Strike
2-1: Fly out, F7 (Flyball, 7LMF)
Batting: LHB Lou Robinson 0-0: Ball
1-0: Ball
2-0: Called Strike
2-1: Foul Ball, location: 2F
2-2: Foul Ball, location: 2F
2-2: SINGLE (Flyball, 8LS)
Batting: RHB Cole Gray 0-0: Foul Ball, location: 2F
0-1: Ball
1-1: Ball
2-1: Ball
3-1: Foul Ball, location: 2F
3-2: Foul Ball, location: 2F
3-2: Foul Ball, location: 2F
3-2: Ground out 1-3 (Groundball, 15)
Bottom of the 4th over - 0 run(s), 1 hit(s), 0 error(s), 1 left on base; Grand Rapids HS 0 - Brookline HS 7
TOP OF THE 5TH
Grand Rapids HS Summit batting - Pitching for Brookline HS Warriors : LHP Robert Smith
Batting: RHB Jonathan Holden 0-0: Ball
1-0: Foul Ball, location: 2F
1-1: Ball
2-1: Foul Ball, location: 2F
2-2: Ball
3-2: Foul Ball, location: 2F
3-2: Base on Balls
Batting: RHB Leroy Bates 0-0: Called Strike
0-1: Swinging Strike
0-2: Strikes out swinging
Batting: RHB Ted Morgan 0-0: Ball
1-0: Called Strike
1-1: Called Strike
1-2: Strikes out swinging
Batting: RHB Shawn Hanner 0-0: Ball
1-0: Ball
2-0: Foul Ball, location: 2F
2-1: Ball
3-1: Base on Balls
Jonathan Holden to second
Pitching: RHP Patrick Henry
Batting: LHB Carlos Gutiérrez 0-0: Ball
1-0: Ball
2-0: Foul Ball, location: 2F
2-1: DOUBLE (Line Drive, 7LS)
Jonathan Holden scores
Shawn Hanner to third
Runner from 3rd tries for Home, SAFE, no throw
Batting: RHB Julián Maez 0-0: Swinging Strike
0-1: Ball
1-1: Ball
2-1: Foul Ball, location: 2F
2-2: Foul Ball, location: 2F
2-2: Strikes out swinging
Top of the 5th over - 2 run(s), 1 hit(s), 0 error(s), 1 left on base; Grand Rapids HS 2 - Brookline HS 7
BOTTOM OF THE 5TH
Brookline HS Warriors batting - Pitching for Grand Rapids HS Summit : RHP Bob Barry
Batting: LHB Bailey Mrazek 0-0: Ball
1-0: Called Strike
1-1: Reached on error, E4 (Groundball, 4)
Batting: RHB Gilbert Bentley 0-0: Called Strike
Bailey Mrazek steals 2nd base
0-1: Ball
1-1: Swinging Strike
1-2: Ball
2-2: Foul Ball, location: 2F
2-2: Ball
3-2: Strikes out looking
Batting: RHB Travis Kramer 0-0: Ball
Bailey Mrazek steals 3rd base
1-0: Called Strike
1-1: Ball
2-1: Ball
3-1: Called Strike
3-2: Fly out, F8 (Flyball, 8LM)
Runner from 3rd tags up, SCORES, no throw
Batting: RHB Raúl Rivera 0-0: Fly out, F9 (Flyball, 9S)
Bottom of the 5th over - 1 run(s), 0 hit(s), 1 error(s), 0 left on base; Grand Rapids HS 2 - Brookline HS 8
TOP OF THE 6TH
Grand Rapids HS Summit batting - Pitching for Brookline HS Warriors : RHP Patrick Henry
Batting: LHB Jeffery Casey 0-0: Ball
1-0: Foul Ball, location: 2F
1-1: Called Strike
1-2: Strikes out swinging
Batting: LHB Daniel Orozco 0-0: Ball
1-0: Ball
2-0: Ball
3-0: Base on Balls
Batting: RHB Bob Barnes 0-0: Called Strike
Throwing error on steal attempt, E2
Daniel Orozco to third
0-1: Ball
1-1: Ball
2-1: Foul Ball, location: 2F
2-2: Foul Ball, location: 2F
2-2: Ball
3-2: Ground out 4-3 (Groundball, 4)
Daniel Orozco scores
Batting: RHB Jonathan Holden 0-0: Ball
1-0: Called Strike
1-1: Ball
2-1: Ball
3-1: Foul Ball, location: 2F
3-2: SOLO HOME RUN (Line Drive, 7D), Distance : 418 ft
Batting: RHB Leroy Bates 0-0: Ball
1-0: Foul Ball, location: 2F
1-1: Ball
2-1: Ball
3-1: Base on Balls
Pitching: RHP Elliott Hinton
Batting: RHB Ted Morgan 0-0: Ball
1-0: Foul Ball, location: 2F
1-1: Swinging Strike
1-2: Strikes out swinging
Top of the 6th over - 2 run(s), 1 hit(s), 1 error(s), 1 left on base; Grand Rapids HS 4 - Brookline HS 8
BOTTOM OF THE 6TH
Brookline HS Warriors batting - Pitching for Grand Rapids HS Summit : RHP Bob Barry
Batting: RHB John Warren 0-0: Foul Ball, location: 2F
0-1: Ball
1-1: Ground out 3-1 (Groundball, 34)
Batting: RHB León Colón 0-0: SOLO HOME RUN (Flyball, 7D), Distance : 406 ft
Batting: RHB Ed Vega 0-0: Called Strike
0-1: Ball
1-1: Ball
2-1: Called Strike
2-2: SINGLE (Line Drive, 89S)
Pitching: RHP Fernando González
Batting: LHB Lou Robinson 0-0: Ball
1-0: Foul Ball, location: 2F
1-1: Ball
2-1: Swinging Strike
2-2: Ball
3-2: Strikes out swinging
Batting: RHB Cole Gray 0-0: Foul Ball, location: 2F
0-1: 2-RUN HOME RUN (Line Drive, 9D), Distance : 389 ft
Batting: LHB Bailey Mrazek 0-0: Foul Ball, location: 2F
0-1: Called Strike
0-2: Foul Ball, location: 2F
0-2: Foul Ball, location: 2F
0-2: Ball
1-2: Ball
2-2: Ball
3-2: Foul Ball, location: 2F
3-2: Foul Ball, location: 2F
3-2: Ground out 4-3 (Groundball, 4)
Bottom of the 6th over - 3 run(s), 3 hit(s), 0 error(s), 0 left on base; Grand Rapids HS 4 - Brookline HS 11
TOP OF THE 7TH
Grand Rapids HS Summit batting - Pitching for Brookline HS Warriors : RHP Elliott Hinton
Now in RF: Jonathan Martin
Batting: RHB Shawn Hanner 0-0: Ball
1-0: Foul Ball, location: 2F
1-1: Swinging Strike
1-2: Strikes out swinging
Batting: LHB Carlos Gutiérrez 0-0: Called Strike
0-1: Foul Ball, location: 2F
0-2: Fly out, F8 (Flyball, 78D)
Batting: RHB Julián Maez 0-0: Ball
1-0: Ball
2-0: Ball
3-0: Called Strike
3-1: Foul Ball, location: 2F
3-2: Strikes out looking
Top of the 7th over - 0 run(s), 0 hit(s), 0 error(s), 0 left on base; Grand Rapids HS 4 - Brookline HS 11
BOTTOM OF THE 7TH
Brookline HS Warriors batting - Pitching for Grand Rapids HS Summit : RHP Fernando González
Batting: RHB Gilbert Bentley 0-0: Foul Ball, location: 2F
0-1: Swinging Strike
0-2: Ball
1-2: Ball
2-2: Ball
3-2: Ground out 6-3 (Groundball, 6)
Batting: RHB Travis Kramer 0-0: Called Strike
0-1: Fly out, F9 (Flyball, 9S)
Batting: RHB Raúl Rivera 0-0: Called Strike
0-1: Foul Ball, location: 2F
0-2: Ball
1-2: Strikes out swinging
Bottom of the 7th over - 0 run(s), 0 hit(s), 0 error(s), 0 left on base; Grand Rapids HS 4 - Brookline HS 11
TOP OF THE 8TH
Grand Rapids HS Summit batting - Pitching for Brookline HS Warriors : RHP Elliott Hinton
Batting: LHB Jeffery Casey 0-0: Swinging Strike
0-1: Foul Ball, location: 2F
0-2: Foul Ball, location: 2F
0-2: Strikes out swinging
Batting: LHB Daniel Orozco 0-0: Foul Ball, location: 2F
0-1: Ball
1-1: Ball
2-1: Ball
3-1: Base on Balls
Batting: RHB Bob Barnes 0-0: Grounds into double play, 3-6-3 (Groundball, 34)
Top of the 8th over - 0 run(s), 0 hit(s), 0 error(s), 0 left on base; Grand Rapids HS 4 - Brookline HS 11
BOTTOM OF THE 8TH
Brookline HS Warriors batting - Pitching for Grand Rapids HS Summit : RHP Fernando González
Batting: RHB John Warren 0-0: Ball
1-0: Called Strike
1-1: Ball
2-1: Ball
3-1: Called Strike
3-2: Strikes out looking
Batting: RHB León Colón 0-0: Swinging Strike
0-1: Ball
1-1: Foul Ball, location: 2F
1-2: Strikes out swinging
Batting: RHB Ed Vega 0-0: Ball
1-0: Ball
2-0: Foul Ball, location: 2F
2-1: Swinging Strike
2-2: Ball
3-2: Foul Ball, location: 2F
3-2: Foul Ball, location: 2F
3-2: Base on Balls
Batting: LHB Jonathan Martin 0-0: Ball
1-0: Ball
2-0: Foul Ball, location: 2F
2-1: Foul Ball, location: 2F
2-2: Foul Ball, location: 2F
2-2: Foul Ball, location: 2F
2-2: Foul Ball, location: 2F
2-2: Hit by Pitch
Ed Vega to second
Batting: RHB Cole Gray 0-0: Called Strike
0-1: Foul Ball, location: 2F
0-2: Ball
1-2: Strikes out swinging
Bottom of the 8th over - 0 run(s), 0 hit(s), 0 error(s), 2 left on base; Grand Rapids HS 4 - Brookline HS 11
TOP OF THE 9TH
Grand Rapids HS Summit batting - Pitching for Brookline HS Warriors : RHP Elliott Hinton
Batting: RHB Jonathan Holden 0-0: Called Strike
0-1: Called Strike
0-2: Ball
1-2: Ball
2-2: Fly out, F8 (Line Drive, 8LM)
Batting: RHB Leroy Bates 0-0: Ball
1-0: Called Strike
1-1: Ball
2-1: SINGLE (Groundball, 3D)
Batting: RHB Ted Morgan 0-0: 2-RUN HOME RUN (Line Drive, 9D), Distance : 389 ft
Pitching: RHP Danny McCabe
Batting: RHB Shawn Hanner 0-0: Swinging Strike
0-1: Ball
1-1: Ball
2-1: Foul Ball, location: 2F
2-2: Fly out, F3 (Popup, 3D)
Batting: LHB Carlos Gutiérrez 0-0: Ball
1-0: Called Strike
1-1: Called Strike
1-2: Ball
2-2: Strikes out looking
Top of the 9th over - 2 run(s), 2 hit(s), 0 error(s), 0 left on base; Grand Rapids HS 6 - Brookline HS 11
Tuesday, August 8th, 2017 - OOTP Baseball 17.12 Build 75